AoeStats
← KEIYILOK

Arabia

510096600Analyzed
1v1 RM · 3d ago on Sep 29, 2026· 40m 21s· 2 players
Game mode
Random Map
Map size
Tiny (2 player)
Population
200
Speed
Normal
Resources
Standard
Victory
Conquest
Starting age
Dark Age
Ending age
Imperial Age
RankedLock teamsTeams togetherTeam positionsShared explorationLock speedFull tech treeHidden civsTurbo modeCheats
Victory
Defeat
🇮🇱 Magyars · Israel
1067
+17
🇭🇰 Varangians · Hong Kong SAR China
1097
-17
Filermon
7:08 Loom
9:27 Feudal Age
10:33 Double-Bit Axe
19:22 Castle Age
18:09 Gold Mining
18:01 Horse Collar
19:35 Pikeman
21:27 Scale Barding Armor
27:12 Fletching
33:12 Gold Shaft Mining
32:44 Bodkin Arrow
33:27 Ballistics
37:03 Thumb Ring
40:11 Imperial Age
38:26 Wheelbarrow
38:55 Bloodlines
38:46 Husbandry
39:04 Light Cavalry
40:14 Corvinian Army
41:18 Conscription
KEIYILOK
10:01 Feudal Age
10:46 Loom
10:48 Double-Bit Axe
13:40 Wheelbarrow
21:18 Castle Age
19:09 Horse Collar
19:50 Gold Mining
20:19 Scale Mail Armor
23:05 Chain Mail Armor
27:24 Forging
28:12 Arson
28:33 Gambesons
28:55 Squires
29:26 Bow Saw
33:03 Heavy Plow
34:48 Gambesons
35:31 Light Cavalry
36:19 Elite Skirmisher
37:14 Fletching
38:47 Padded Archer Armor
Connection lost

Rejoining the realm…

Still unreachable

The connection could not be restored.

Session expired

The server has moved on; the page needs a fresh start.